 Dungeon Crawl Stone Soup version 0.20.1-1-g8b1a95d (webtiles) character file.

11878 Irenicus the Martial Artist (level 11, -3/70 HPs)
             Began as an Octopode Chaos Knight on Oct 13, 2017.
             Slain by a basilisk (15 damage)
             ... on level 12 of the Dungeon.
             The game lasted 00:54:55 (11519 turns).

Irenicus the Martial Artist (OpCK)                 Turns: 11519, Time: 00:54:56

Health: -3/70      AC:  3    Str: 11    XL:     11   Next: 84%
Magic:  0/14       EV: 17    Int: 13    God:    Xom [...*..]
Gold:   785        SH:  0    Dex: 15    Spells: 5/14 levels left

rFire    . . .     SeeInvis +     - Unarmed
rCold    + . .     Gourm    .   (no shield)
rNeg     . . .     Faith    .   (helmet restricted)
rPois    .         Spirit   +   v - amulet of guardian spirit
rElec    .         Reflect  .   q - ring of see invisible
rCorr    .         Harm     .   J - ring of protection from cold
MR       .....     Clarity  +   s - ring of stealth
Stlth    +++++.....             (no ring)
Regen    0.3/turn               (no ring)
MPRegen  0.2/turn               (no ring)
                                (no ring)
                                (no ring)

@: confusing touch, cleaving, drained
A: almost no armour, stealthy swim, amphibious, 8 rings, constrict 8, antennae
1, slimy green scales 1, camouflage 1, clarity, dopey 1, frail 1, gelatinous
body 1
a: Renounce Religion


You were on level 12 of the Dungeon.
You worshipped Xom.
You were a favourite toy of Xom.
You were hungry.

You visited 1 branch of the dungeon, and saw 12 of its levels.
You also visited: Sewer.

You collected 785 gold pieces.

Inventory:

Missiles
 D - 3 silver tomahawks (quivered)
 E - 130 arrows
 N - 7 silver javelins
Armour
 L - a +0 shield
 P - a +0 buckler
Jewellery
 q - a ring of see invisible (left tentacle)
 s - a ring of stealth (on tentacle)
 v - an amulet of guardian spirit (around mantle)
 J - a ring of protection from cold (right tentacle)
Wands
 u - a wand of random effects (20/48)
 x - a wand of confusion (23/48)
 H - a wand of random effects (23/48)
Scrolls
 b - a scroll of noise
 c - a scroll of identify
 e - 3 scrolls of fog
 g - 6 scrolls of remove curse
 h - a scroll of enchant weapon
 j - 2 scrolls of random uselessness
 k - a scroll of amnesia
 n - 3 scrolls of recharging
 p - 5 scrolls of fear {unknown}
 y - 5 scrolls of teleportation
 F - a scroll of enchant armour
 K - a scroll of brand weapon
 M - a scroll of magic mapping
 S - a scroll of acquirement {unknown}
Potions
 l - 3 potions of haste
 m - 2 potions of flight
 o - 3 potions of curing
 r - 2 potions of magic
 w - 4 potions of invisibility
 z - 3 potions of brilliance
 C - a potion of agility
 O - a potion of lignification
Books
 t - a book of Changes

   Spells                             Type                      Level
   a - Beastly Appendage              Transmutation                1
   b - Sticks to Snakes               Transmutation                2
   c - Spider Form                    Transmutation/Poison         3
   d - Ice Form                       Ice/Transmutation            4
   e - Blade Hands                    Transmutation                5
 B - a book of Callings

   Spells                             Type                      Level
   a - Summon Small Mammal            Summoning                    1
   b - Call Imp                       Summoning                    2
   c - Call Canine Familiar           Summoning                    3
   d - Summon Guardian Golem          Hexes/Summoning              3
   e - Summon Lightning Spire         Summoning/Air                4
   f - Summon Ice Beast               Ice/Summoning                4
 G - a book of Cantrips

   Spells                             Type                      Level
   a - Confusing Touch                Hexes                        1
   b - Animate Skeleton               Necromancy                   1
   c - Summon Small Mammal            Summoning                    1
   d - Apportation                    Translocation                1
 I - a book of Minor Magic

   Spells                             Type                      Level
   a - Magic Dart                     Conjuration                  1
   b - Blink                          Translocation                2
   c - Call Imp                       Summoning                    2
   d - Slow                           Hexes                        2
   e - Conjure Flame                  Conjuration/Fire             3
   f - Mephitic Cloud                 Conjuration/Poison/Air       3
Miscellaneous
 R - a fan of gales
Comestibles
 a - 11 bread rations
 d - 8 fruits
 f - 7 royal jellies
 i - 6 meat rations
 Q - 3 chunks of flesh


   Skills:
 + Level 8.4(8.3) Fighting
 - Level 7.0(6.8) Dodging
 - Level 5.0(4.9) Stealth
 - Level 13.5(13.4) Unarmed Combat
 - Level 2.2(2.1) Spellcasting
 - Level 3.1(3.0) Hexes
 - Level 2.0(1.8) Translocations
 - Level 3.0(2.8) Transmutations
 - Level 1.2(1.1) Poison Magic
 - Level 1.0(0.9) Evocations


You had 5 spell levels left.
You knew the following spells:

 Your Spells              Type           Power        Failure   Level  Hunger
a - Beastly Appendage     Tmut           #.....       8%          1    ##.....
b - Spider Form           Tmut/Pois      #.........   32%         3    ####...
c - Sticks to Snakes      Tmut           #.......     12%         2    ###....
d - Blink                 Tloc           N/A          17%         2    ###....
e - Confusing Touch       Hex            #.....       7%          1    ##.....


Dungeon Overview and Level Annotations

Branches:
Dungeon (12/15)            Temple (0/1) D:5            Lair (0/6) D:10
    Orc (0/2) D:9

Altars:
Elyvilon
Fedhas
Gozag
Hepliaklqana
Makhleb
Okawaru
Sif Muna
Vehumet
Xom
Zin
The Shining One

Annotations:
D:5 bmj180's ghost, novice HOFi
D:6 exclusion: upstairs
D:12 exclusion: upstairs


Innate Abilities, Weirdness & Mutations

You cannot wear most types of armour.
You are very stealthy in the water. (Stealth+)
You are amphibious.
You can wear up to eight rings at the same time.
You can use your tentacles to constrict eight enemies at once.
Your skin changes colour to match your surroundings (Stealth+).
Your rubbery body absorbs attacks. (AC +1, EV +1)
You have a pair of small antennae on your head.
You are partially covered in slimy green scales. (AC +2)
You possess an exceptional clarity of mind.
You are dopey. (Int -2)
You are frail. (-10% HP)


Message History

"The weather's been a little too boring around here."
The basilisk bites you.
* * * LOW HITPOINT WARNING * * *
The basilisk bites you!
* * * LOW HITPOINT WARNING * * *
You turn to flesh and can move again.
Casting: Confusing Touch
Confirm with . or Enter, or press ? or * to list all spells.
Your tentacles begin to glow red.
You are feeling hungry.
The basilisk bites you.
* * * LOW HITPOINT WARNING * * *
You feel better. The basilisk bites you.
* * * LOW HITPOINT WARNING * * *
The basilisk gazes at you. You resist with some effort.
You barely miss the basilisk. Your grab misses the basilisk.
The basilisk bites you!
You die...
Xom bursts into laughter!

### #.. #.#
#.############
...##.#<§§§§§....#
#......§l@§###...#
####.#.###§§.......#
#)#.# #####...#.#
#...# ## #
#######..#
#........#
#.#####.## ######.#
#.# .§<....# #.#


You could see a basilisk.

Vanquished Creatures
  Erica (D:8)
  A catoblepas (D:10)
  2 two-headed ogres
  A salamander (D:9)
  An elephant (D:10)
  A gargoyle (D:11)
  A kobold demonologist (D:11)
  A komodo dragon (D:11)
  2 hornets
  Grinder (D:6)
  Eustachio (D:6)
  A basilisk (D:10)
  A golden eye (D:9)
  4 hogs (D:7)
  2 humans
  A wraith (D:10)
  Menkaure (D:6)
  An acid dragon (D:11)
  A warg (D:9)
  3 orc warriors
  A sky beast (D:7)
  2 black bears
  A necrophage (D:6)
  An eye of draining (D:10)
  2 ice beasts
  2 ogres
  3 phantoms
  3 centaurs
  The ghost of raph the Magician, an amateur HuWz (D:4)
  11 big kobolds
  8 bullfrogs
  A gnoll sergeant (D:10)
  A scorpion (D:4)
  6 killer bees (D:7)
  2 wights (D:11)
  The ghost of Irenicus the Insei, a weakling OpCK of Xom (D:3)
  A jelly (D:9)
  3 howler monkeys
  3 crimson imps
  2 centaur zombies
  A bullfrog zombie (D:6)
  9 hounds
  11 orc priests
  16 orc wizards
  Terence (D:3)
  3 iguanas
  8 worker ants
  A killer bee zombie (D:6)
  A hound zombie (D:4)
  A hound skeleton (D:10)
  A howler monkey zombie (D:5)
  A worker ant zombie (D:9)
  6 gnolls
  3 river rats
  15 adders
  2 shadow imps
  3 oozes
  An adder zombie (D:5)
  2 worms
  3 dart slugs
  6 leopard geckos
  48 orcs
  7 ball pythons
  6 giant cockroaches
  4 hobgoblins
  13 jackals
  19 kobolds
  6 quokkas
  A ball python skeleton (D:6)
  4 bats
  9 frilled lizards
  6 goblins
  A leopard gecko skeleton (D:9)
  3 rats
305 creatures vanquished.

Vanquished Creatures (collateral kills)
  An acid dragon (D:10)
  A phantom (D:5)
  An orc warrior (D:10)
  A crocodile (D:10)
  A big kobold (D:11)
  A crimson imp (D:7)
  2 orcs
8 creatures vanquished.

Vanquished Creatures (others)
  A bullfrog skeleton (D:6)
  An orc (D:5)
2 creatures vanquished.

Grand Total: 315 creatures vanquished

Notes
Turn   | Place    | Note
-------+----------+-------------------------------------------
     0 | D:1      | Irenicus the Octopode Chaos Knight began the quest for the Orb.
     0 | D:1      | Reached XP level 1. HP: 16/16 MP: 1/1
    32 | D:1      | XOM: harmless Tmut miscast
   123 | D:1      | XOM: harmless Fire miscast
   130 | D:1      | Reached XP level 2. HP: 20/21 MP: 2/2
   185 | D:1      | XOM: harmless Hex miscast
   317 | D:1      | Reached skill level 4 in Unarmed Combat
   317 | D:1      | Reached XP level 3. HP: 14/26 MP: 3/3
   414 | D:2      | Found an iron altar of Okawaru.
   569 | D:2      | Found a deep blue altar of Sif Muna.
   570 | D:2      | Found a hazy altar of Hepliaklqana.
   572 | D:2      | Found a burning altar of Makhleb.
   594 | D:2      | Found a glowing silver altar of Zin.
   684 | D:2      | XOM: god gift: 36 gold pieces
   720 | D:2      | XOM: medium Summ miscast
   721 | D:2      | Noticed a spatial vortex
   721 | D:2      | Noticed a spatial vortex
   721 | D:2      | Noticed a spatial vortex
   737 | D:2      | XOM: scenery: create altars
  1002 | D:3      | Reached XP level 4. HP: 22/31 MP: 4/4
  1011 | D:3      | XOM: god gift: halberd {god gift}
  1085 | D:3      | Noticed Irenicus's ghost (weakling OpCK)
  1089 | D:3      | XOM: harmless Tmut miscast
  1100 | D:3      | XOM: mild Ice miscast
  1106 | D:3      | Noticed Terence
  1118 | D:3      | Gained mutation: You passively map a small area around you. [potion of mutation]
  1118 | D:3      | Gained mutation: You evolve. [potion of mutation]
  1125 | D:3      | Killed Irenicus's ghost
  1125 | D:3      | Reached skill level 5 in Unarmed Combat
  1158 | D:3      | Killed Terence
  1158 | D:3      | Reached XP level 5. HP: 6/36 MP: 5/5
  1257 | D:3      | XOM: cloud trail
  1328 | D:3      | Found a glowing golden altar of the Shining One.
  1451 | D:3      | XOM: silly message
  1634 | D:3      | Reached skill level 6 in Unarmed Combat
  1792 | D:3      | Lost mutation: You passively map a small area around you. [evolution]
  1923 | D:3      | Reached XP level 6. HP: 38/42 MP: 6/6
  2100 | D:4      | Learned a level 1 spell: Beastly Appendage
  2211 | D:4      | Reached skill level 5 in Stealth
  2238 | D:4      | Reached skill level 1 in Transmutations
  2310 | D:4      | XOM: noise
  2357 | D:4      | Reached XP level 7. HP: 17/46 MP: 4/7
  2390 | D:4      | XOM: divination: detect items
  2398 | D:4      | XOM: confuse monster(s)
  2415 | D:4      | Found a glowing drain.
  2424 | Sewer    | Entered a sewer
  2537 | Sewer    | XOM: give mutations
  2537 | Sewer    | Gained mutation: Your magical capacity is low. (-10% MP) [Xom's mischief]
  2537 | Sewer    | Lost mutation: Your magical capacity is low. (-10% MP) [Xom's mischief]
  2542 | Sewer    | XOM: snakes to sticks
  2779 | D:4      | XOM: cloud trail
  2815 | D:4      | XOM: potion effect (berserk rage)
  2817 | D:4      | XOM: potion effect (invisibility)
  2963 | D:4      | Noticed raph's ghost (amateur HuWz)
  2976 | D:4      | Killed raph's ghost
  2976 | D:4      | Reached skill level 7 in Unarmed Combat
  3027 | D:4      | XOM: stat loss: -1 Int (14/15)
  3094 | D:5      | XOM: noise
  3094 | D:5      | Entered Level 5 of the Dungeon
  3097 | D:5      | XOM: summons friendly shadow imp
  3106 | D:5      | XOM: summons friendly crimson imp
  3318 | D:5      | Lost mutation: You evolve. [potion of mutation]
  3318 | D:5      | Gained mutation: You evolve. [potion of mutation]
  3318 | D:5      | Gained mutation: You expend magic power (3 MP) to strengthen your wands. [potion of mutation]
  3318 | D:5      | Gained mutation: Your body sometimes deteriorates upon taking damage. [potion of mutation]
  3318 | D:5      | Gained mutation: Your system is resistant to poisons. (rPois) [potion of mutation]
  3335 | D:5      | Noticed bmj180's ghost (novice HOFi)
  3336 | D:5      | XOM: enchant monster (good)
  3346 | D:5      | Gained mutation: You possess an exceptional clarity of mind. [evolution]
  3349 | D:5      | XOM: summons friendly iron imp
  3352 | D:5      | XOM: summons 7 friendly demons
  3681 | D:5      | Found a staircase to the Ecumenical Temple.
  3741 | D:5      | Reached skill level 8 in Unarmed Combat
  3741 | D:5      | Reached skill level 1 in Evocations
  3741 | D:5      | Reached XP level 8. HP: 35/52 MP: 3/8
  3916 | D:5      | XOM: potion effect (haste)
  3925 | D:5      | XOM: confuse monster(s)
  3974 | D:5      | XOM: harmless Hex miscast
  3985 | D:5      | XOM: divination: detect creatures
  3993 | D:5      | XOM: divination: magic mapping
  4009 | D:5      | XOM: divination: detect items
  4034 | D:5      | XOM: divination: magic mapping
  4091 | D:6      | Found a radiant altar of Vehumet.
  4125 | D:6      | Learned a level 3 spell: Spider Form
  4163 | D:6      | Reached skill level 9 in Unarmed Combat
  4166 | D:6      | Noticed Menkaure
  4171 | D:6      | XOM: harmless Air miscast
  4173 | D:6      | Killed Menkaure
  4189 | D:6      | Learned a level 2 spell: Sticks to Snakes
  4347 | D:6      | Noticed Grinder
  4411 | D:6      | Killed Grinder
  4411 | D:6      | Reached skill level 10 in Unarmed Combat
  4411 | D:6      | Reached XP level 9. HP: 36/56 MP: 4/9
  4425 | D:6      | Got a crystal hand axe
  4477 | D:6      | XOM: noise
  4577 | D:6      | XOM: cloud trail
  4581 | D:6      | Paralysed by you for 7 turns
  4583 | D:6      | XOM: smoke on damage
  4584 | D:6      | XOM: potion effect (invisibility)
  4665 | D:6      | Reached skill level 1 in Poison Magic
  4971 | D:6      | Noticed Eustachio
  4977 | D:6      | Killed Eustachio
  4977 | D:6      | Reached skill level 11 in Unarmed Combat
  5071 | D:7      | Learned a level 1 spell: Confusing Touch
  5275 | D:7      | Noticed a hornet
  5280 | D:7      | Killed a hornet
  5405 | D:7      | Reached skill level 1 in Hexes
  5458 | D:7      | XOM: potion effect (might)
  5461 | D:7      | XOM: potion effect (haste)
  5465 | D:7      | XOM: silly message
  5662 | D:7      | XOM: medium Necr miscast
  5701 | D:7      | XOM: summons friendly white imp
  5711 | D:7      | Gained mutation: You have a pair of small antennae on your head. [mutagenic meat]
  5907 | D:7      | XOM: potion effect (brilliance)
  5916 | D:7      | XOM: enchant monster (good)
  5926 | D:7      | Reached skill level 5 in Dodging
  5926 | D:7      | Reached XP level 10. HP: 61/63 MP: 9/13
  6002 | D:8      | Noticed Erica
  6007 | D:8      | XOM: give mutations
  6007 | D:8      | Lost mutation: You evolve. [Xom's mischief]
  6007 | D:8      | Lost mutation: Your body sometimes deteriorates upon taking damage. [Xom's mischief]
  6013 | D:8      | Killed Erica
  6432 | D:8      | Learned a level 2 spell: Blink
  6458 | D:8      | Found a blossoming altar of Fedhas.
  6522 | D:8      | Reached skill level 12 in Unarmed Combat
  6600 | D:8      | XOM: give mutations
  6600 | D:8      | Lost mutation: Your system is resistant to poisons. (rPois) [Xom's mischief]
  6600 | D:8      | Lost mutation: You expend magic power (3 MP) to strengthen your wands. [Xom's mischief]
  6600 | D:8      | Gained mutation: You occasionally shout uncontrollably at your foes. [Xom's mischief]
  6600 | D:8      | Gained mutation: You are partially covered in slimy green scales. (AC +2) [Xom's mischief]
  6716 | D:8      | Reached skill level 1 in Translocations
  6878 | D:8      | Found an opulent altar of Gozag.
  7037 | D:8      | XOM: give mutation
  7037 | D:8      | Gained mutation: You are clumsy. (Dex -2) [Xom's mischief]
  7050 | D:8      | XOM: give mutation
  7050 | D:8      | Lost mutation: You occasionally shout uncontrollably at your foes. [Xom's mischief]
  7330 | D:9      | XOM: fog
  7336 | D:9      | XOM: 1-stop teleportation journey
  7400 | D:9      | XOM: polymorph orc -> adder
  7454 | D:9      | Found a staircase to the Orcish Mines.
  7512 | D:9      | XOM: polymorph orc -> river rat
  7657 | D:9      | Noticed a salamander
  7657 | D:9      | a troll changed into a salamander
  7657 | D:9      | XOM: polymorph troll -> salamander
  7661 | D:9      | XOM: enchant monster (bad)
  7666 | D:9      | XOM: harmless Erth miscast
  7687 | D:9      | XOM: swap monsters
  7692 | D:9      | XOM: swap monsters
  7696 | D:9      | XOM: give mutation
  7696 | D:9      | Lost mutation: You are clumsy. (Dex -2) [Xom's mischief]
  7715 | D:9      | XOM: chaos cloud
  7726 | D:9      | XOM: summons 4 hostile demons
  7860 | D:9      | XOM: 7-stop teleportation journey
  7996 | D:9      | XOM: polymorph warg -> golden eye
  8209 | D:9      | Noticed a two-headed ogre
  8226 | D:9      | Killed a two-headed ogre
  8226 | D:9      | Reached skill level 13 in Unarmed Combat
  8226 | D:9      | Reached XP level 11. HP: 67/67 MP: 10/14
  8336 | D:9      | Found a white marble altar of Elyvilon.
  8466 | D:9      | XOM: severe Hex miscast
  8490 | D:9      | Gained mutation: You are frail. (-10% HP) [mutagenic glow]
  8625 | D:9      | XOM: harmless Necr miscast
  8628 | D:9      | XOM: divination: detect items
  8638 | D:9      | Killed a salamander
  8744 | D:10     | Entered Level 10 of the Dungeon
  8766 | D:10     | XOM: summons friendly red devil
  8815 | D:10     | XOM: scenery: 1 doors open, 1 doors close
  8894 | D:10     | XOM: divination: detect items
  8922 | D:10     | Found a staircase to the Lair.
  8922 | D:10     | Noticed a death yak
  8936 | D:10     | XOM: destruction
  8946 | D:10     | Noticed a catoblepas
  8946 | D:10     | a death yak changed into a catoblepas
  8946 | D:10     | XOM: polymorph death yak -> catoblepas
  8948 | D:10     | XOM: summons friendly ynoxinul
  8956 | D:10     | XOM: 2-stop teleportation journey
  8958 | D:10     | XOM: 4-stop teleportation journey
  9575 | D:11     | XOM: god gift: 7 silver javelins
  9738 | D:11     | Noticed a two-headed ogre
  9749 | D:11     | XOM: polymorph orc wizard -> adder
  9760 | D:11     | Killed a two-headed ogre
  9760 | D:11     | Reached skill level 5 in Fighting
 10068 | D:11     | XOM: enchant monster (good)
 10072 | D:11     | XOM: scenery: create altars
 10461 | D:11     | Noticed a five-headed hydra
 10473 | D:11     | XOM: summons 2 friendly demons
 10484 | D:11     | XOM: swap monsters
 10487 | D:11     | XOM: fog
 10840 | D:11     | XOM: cleaving
 10855 | D:11     | XOM: scenery: create altars
 10859 | D:11     | XOM: swap monsters
 10935 | D:10     | XOM: enchant monster (bad)
 11032 | D:10     | XOM: give mutation
 11032 | D:10     | Gained mutation: You are dopey. (Int -2) [Xom's mischief]
 11037 | D:10     | XOM: harmless Hex miscast
 11214 | D:10     | XOM: potion effect (might)
 11217 | D:10     | Killed a catoblepas
 11223 | D:10     | XOM: confuse monster(s)
 11311 | D:11     | XOM: cast spell 'Necromutation'
 11313 | D:11     | XOM: summons friendly iron imp
 11333 | D:11     | XOM: noise
 11339 | D:11     | XOM: divination: detect creatures
 11347 | D:11     | XOM: summons friendly white imp
 11429 | D:12     | Noticed a manticore
 11446 | D:12     | XOM: 2-stop teleportation journey
 11513 | D:12     | XOM: cleaving
 11516 | D:12     | XOM: fog
 11519 | D:12     | Slain by a basilisk

Skill      XL: |  1  2  3  4  5  6  7  8  9 10 11 |
---------------+----------------------------------+-----
Unarmed Combat | 4 5 6 8 10 11 13 | 13.5
Stealth        | 3 5 |  5.0
Transmutations | 2 3 |  3.0
Evocations     | 1 |  1.0
Poison Magic   | 1 |  1.2
Spellcasting   | 2 |  2.2
Hexes          | 3 |  3.1
Dodging        | 5 6 7 |  7.0
Translocations | 2 |  2.0
Fighting       | 8 |  8.4

Action                   |  1- 3 |  4- 6 |  7- 9 | 10-12 || total
-------------------------+-------+-------+-------+-------++-------
Melee: Unarmed           |    69 |    99 |   259 |   498 ||   925
       Constrict         |    19 |    23 |    50 |   111 ||   203
       Tentacles         |    11 |    22 |    41 |    98 ||   172
       Punch             |     3 |     5 |    15 |    53 ||    76
       Kick              |       |     3 |    28 |    92 ||   123
Throw: Tomahawk          |       |       |     3 |       ||     3
 Cast: Beastly Appendage |       |     3 |    23 |    43 ||    69
       Spider Form       |       |       |     1 |     4 ||     5
       Confusing Touch   |       |       |    11 |    56 ||    67
       Sticks to Snakes  |       |       |       |    16 ||    16
       Blink             |       |       |       |     9 ||     9
Evoke: Wand              |       |       |     9 |    10 ||    19
  Use: Potion            |       |     6 |     4 |     8 ||    18
       Scroll            |       |     2 |       |    13 ||    15
 Stab: Sleeping          |     6 |     5 |    14 |     9 ||    34
       Invisible         |       |     2 |     4 |       ||     6
       Paralysed         |       |       |     3 |       ||     3
       Confused          |       |       |     4 |    22 ||    26
       Petrified         |       |       |       |     4 ||     4
       Distracted        |       |       |       |     2 ||     2
  Eat: Chunk             |       |     5 |    11 |    18 ||    34
       Fruit             |       |       |     3 |       ||     3
       Royal jelly       |       |       |       |     2 ||     2
Armor: Skin              |     5 |     3 |     6 |    28 ||    42
Dodge: Dodged            |    27 |    35 |   137 |   280 ||   479
